 Dungeon Crawl Stone Soup version 0.30-a0-782-ge64f9170bb (webtiles) character file.

Game seed: 2307755776681417016

4256 senseless the Cleaver (level 9, -3/74 HPs)
             Began as a Demigod Fighter on Mar 4, 2023.
             Slain by an orc warrior
             ... wielding a +0 halberd
              (12 damage)
             ... on level 7 of the Dungeon.
             The game lasted 00:22:25 (6707 turns).

senseless the Cleaver (Demigod Fighter)             Turns: 6707, Time: 00:22:25

Health: -3/74      AC:  0    Str: 29    XL:     9   Next: 84%
Magic:  19/19      EV:  9    Int: 10    God:
Gold:   474        SH:  6    Dex: 13    Spells: 17/17 levels left

rFire   . . .      SeeInvis .    v - +3 broad axe
rCold   . . .      Faith    .    c - +1 buckler
rNeg    . . .      Spirit   .    n - +0 chain mail
rPois   .          Reflect  .    y - +2 hat {Stlth+}
rElec   .          Harm     .    E - +0 cloak
rCorr   .          Rampage  .    u - +0 pair of gloves
Will    .....                    (no boots) Stlth
                                 l - amulet of regeneration
HPRegen 1.12/turn                k - ring of flight
MPRegen 0.16/turn                (no ring)

@: corroded, flying, studying Armour
A: high MP 1, forlorn, divine attributes
a: no special abilities


You were on level 7 of the Dungeon.
You visited 1 branch of the dungeon, and saw 8 of its levels.
You also visited: Sewer.

You collected 474 gold pieces.

Inventory:

Hand Weapons
 a - a +4 mace of freezing
 v - a +3 broad axe (weapon)
 C - a +5 long sword
Armour
 c - a +1 buckler (worn)
 n - a +0 chain mail (worn)
 u - a +0 pair of gloves (worn)
 y - a +2 hat of stealth (worn)
 E - a +0 cloak (worn)
Jewellery
 j - the Hermit's Pendant {Faith Invo=14 Evo=0 MP+5}
   (You found it on level 2 of the Dungeon)

   [amulet of faith]

   Invo=14: It sets your Invocations skill to 14.
   Evo=0: It sets your Evocations skill to 0.
   It allows you to gain divine favour quickly.
   MP:        It affects your magic capacity (+5).
 k - a ring of flight (left hand)
 l - an amulet of regeneration (around neck)
Wands
 s - a wand of flame (8) (quivered)
 t - a wand of roots (5)
 x - a wand of paralysis (7)
 A - a wand of mindburst (15)
Scrolls
 b - 2 scrolls of silence
 g - 2 scrolls of fog
 h - 5 scrolls of teleportation
 m - 2 scrolls of fear
 r - a scroll of identify
Potions
 d - a potion of might
 e - a potion of flight
 f - 3 potions of curing
 i - 3 potions of heal wounds
 o - 2 potions of mutation
 p - 4 potions of cancellation
 q - a potion of magic {unknown}
 w - a potion of lignification {unknown}
 z - a potion of invisibility {unknown}
 B - a potion of brilliance {unknown}
 D - a potion of resistance {unknown}


   Skills:
 + Level 5.4 Fighting
 + Level 9.3 Axes
 + Level 6.8 Armour
 + Level 1.4 Dodging
 + Level 1.1 Stealth
 + Level 4.4 Shields
 * Level 4.6 Spellcasting


You had 17 spell levels left.
You didn't know any spells.
Your spell library contained the following spells:

 Spells                   Type           Power      Damage    Failure   Level
 Magic Dart               Conj           8%         1d3       83%         1
 Blink                    Tloc           4%         N/A       92%         2
 Call Imp                 Summ           2%         N/A       92%         2
 Static Discharge         Conj/Air       4%         2-3/arc   92%         2
 Sublimation of Blood     Necr           2%         N/A       92%         2
 Gell's Gravitas          Tloc           2%         N/A       99%         3
 Kindle Blastsparks       Fire/Tloc/Air  4%         2d10      99%         3
 Mephitic Cloud           Conj/Pois/Air  2%         N/A       99%         3
 Teleport Other           Tloc           2%         N/A       99%         3
 Vhi's Electric Charge    Tloc/Air       4%         N/A       99%         3
 Airstrike                Air            1%         2d(1-17)  100%        4
 Fulminant Prism          Conj/Hex       1%         3d5       100%        4
 Iskenderun's Mystic Bla  Conj/Tloc      2%         2d3       100%        4
 Manifold Assault         Tloc           2%         N/A       100%        4
 Petrify                  Tmut/Erth      2%         N/A       100%        4
 Summon Lightning Spire   Summ/Air       2%         N/A       100%        4
 Arcjolt                  Conj/Air       1%         1d11      100%        5
 Irradiate                Conj/Tmut      1%         3d12      100%        5
 Lee's Rapid Deconstruct  Erth           1%         3d4*      100%        5
 Lightning Bolt           Conj/Air       1%         1d12      100%        5
 Dispersal                Tloc           1%         N/A       100%        6
 Storm Form               Tmut/Air       1%         N/A       100%        7


Dungeon Overview and Level Annotations

Branches:
Dungeon (8/15)             Temple (0/1) D:7           Sewer (visited)
   Lair: D:8-11

Shops:
D:5 :   D:7 [

Annotations:
D:8 1 runed translucent door


Innate Abilities, Weirdness & Mutations

You have an increased reservoir of magic. (+10% MP)
You shall have no god before yourself.
Your divine heritage dramatically boosts your attributes as you level up.


Message History

Found a war axe, a halberd, a morningstar and a scimitar.
There is a stone staircase leading down here.
You closely miss the orc warrior. The orc warrior closely misses you.
A rust devil comes into view.
The orc warrior closely misses you.
You completely miss the rust devil. You barely miss the orc warrior.
The rust devil screeches!
The rust devil hits you! The rust devil corrodes you!
The orc warrior barely misses you.
You hit the rust devil but do no damage.
You hit the orc warrior but do no damage.
The rust devil hits you. The rust devil corrodes you!
The orc warrior hits you with a +0 halberd!
You barely miss the rust devil. You hit the orc warrior.
You slash the orc warrior! The rust devil hits you.
The rust devil corrodes you! You block the orc warrior's attack.
The orc warrior hits you with a +0 halberd.
You slash the orc warrior!
The orc warrior is severely wounded.
You hit the orc warrior but do no damage.
You barely miss the rust devil. You block the rust devil's attack.
You block the orc warrior's attack. The orc warrior misses you.
You hit the orc warrior but do no damage.
The orc warrior is severely wounded.
You hit the orc warrior. You hit the rust devil.
You block the rust devil's attack.
The orc warrior hits you with a +0 halberd!
You block the orc warrior's attack. The orc warrior closely misses you.
The rust devil hits you. The rust devil corrodes you!
The orc warrior hits you with a +0 battleaxe!!
* * * LOW HITPOINT WARNING * * *
You are too injured to fight recklessly!
You hit the orc warrior.
The orc warrior is almost dead.
You hit the orc warrior. You hit the rust devil.
You block the rust devil's attack.
The orc warrior hits you with a +0 battleaxe!
* * * LOW HITPOINT WARNING * * *
The orc warrior hits you with a +0 halberd!
You die...

###'#### ##....##.......##
#...# #######...######....#
##_## ###........## ####.#
### ##...###....# ##.#
#..### ###..# ###..##
##.##)#'#)##.### ###.....#
##
#..#♣.....♣#...###.......###
.#
#.##......o##...............
.# #.#
...8.44@#......###...### ~#
#.##......o##...#### ##..#
§# #..#♣.....♣#...## ##.##
~# ##.##)#'#)##..## #..# .#
#..### ###...# ##.## .#
##...###.....# #..# ##
###.........### ##..# #
##..#.......####..### ##
########................####


You could see 2 rust devils and 2 orc warriors.

Vanquished Creatures
  A komodo dragon (D:6)
  A hornet (D:7)
  Grinder (D:6)
  3 yaks (D:8)
  3 water moccasins
  2 black bears (D:6)
  2 ice beasts
  A sky beast (D:7)
  2 centaurs
  A phantom (D:5)
  A necrophage (D:6)
  A gnoll sergeant (D:7)
  4 kobold brigands
  2 bullfrogs
  3 scorpions
  5 wights (D:7)
  6 killer bees (D:8)
  2 howler monkeys (D:7)
  Crazy Yiuf (D:7)
  2 orc priests (D:3)
  2 hounds (D:5)
  5 jellies (Sewer)
  Ijyb (D:4)
  4 iguanas
  3 orc wizards
  Terence (D:3)
  8 gnolls
  8 adders
  A river rat (Sewer)
  A white imp (D:6)
  3 ufetubi
  4 dart slugs
  28 orcs
  9 ball pythons
  7 bats
  15 endoplasms
  4 giant cockroaches
  9 goblins
  8 hobgoblins
  5 quokkas
  4 frilled lizards
  27 kobolds
  11 rats
212 creatures vanquished.

Vanquished Creatures (others)
  An orc wizard (D:6)
  A plant (D:4)
2 creatures vanquished.

Grand Total: 214 creatures vanquished

Notes
Turn   | Place    | Note
-------+----------+-------------------------------------------
     0 | D:1      | senseless the Demigod Fighter began the quest for the Orb.
     0 | D:1      | Reached XP level 1. HP: 18/18 MP: 3/3
   130 | D:1      | Reached skill level 2 in Axes
   185 | D:1      | Reached XP level 2. HP: 25/25 MP: 4/4
   891 | D:2      | Reached XP level 3. HP: 30/30 MP: 5/5
   902 | D:2      | Found the Hermit's Pendant {Faith Invo=14 Evo=0 MP+5}
  1553 | D:3      | Noticed Terence
  1559 | D:3      | Killed Terence
  1657 | D:3      | Reached XP level 4. HP: 36/38 MP: 6/6
  1709 | D:3      | Found a glowing drain.
  1715 | Sewer    | Entered a sewer
  1748 | Sewer    | Reached skill level 3 in Axes
  1856 | Sewer    | Reached XP level 5. HP: 45/45 MP: 7/7
  1862 | Sewer    | Reached skill level 4 in Axes
  2143 | D:3      | Reached XP level 6. HP: 37/51 MP: 8/8
  2198 | D:3      | Reached skill level 5 in Axes
  2610 | D:4      | Noticed Ijyb
  2624 | D:4      | Killed Ijyb
  3095 | D:5      | Entered Level 5 of the Dungeon
  3185 | D:5      | Reached XP level 7. HP: 30/57 MP: 9/9
  3249 | D:5      | Reached skill level 6 in Axes
  3444 | D:5      | Found Fuat's Tremendous Tomes.
  3493 | D:5      | Reached skill level 1 in Spellcasting
  3885 | D:6      | Noticed Grinder
  3900 | D:6      | Killed Grinder
  3901 | D:6      | Reached XP level 8. HP: 51/67 MP: 12/14
  4179 | D:6      | Noticed a komodo dragon
  4190 | D:6      | Killed a komodo dragon
  4191 | D:6      | Reached skill level 7 in Axes
  4191 | D:6      | Reached skill level 5 in Armour
  4191 | D:6      | Reached skill level 1 in Dodging
  4702 | D:7      | Found Cheibriados's Comfort Zone.
  4729 | D:7      | Noticed a hornet
  4746 | D:7      | Found a staircase to the Ecumenical Temple.
  4975 | D:7      | Reached skill level 5 in Fighting
  4975 | D:7      | Reached XP level 9. HP: 74/74 MP: 16/18
  4982 | D:7      | Reached skill level 8 in Axes
  5183 | D:7      | Paralysed by a hornet for 3 turns
  5212 | D:7      | Paralysed by a hornet for 2 turns
  6070 | D:7      | Found a runed translucent door.
  6071 | D:7      | Noticed Crazy Yiuf
  6166 | D:7      | Killed Crazy Yiuf
  6490 | D:8      | Noticed a seven-headed hydra
  6490 | D:8      | Noticed a death knight
  6490 | D:8      | Noticed a wizard
  6491 | D:8      | Found a runed translucent door.
  6493 | D:8      | Noticed a wizard
  6493 | D:8      | Noticed a red ugly thing
  6493 | D:8      | Noticed an orc knight
  6493 | D:8      | Found the +3 pair of seven-league boots {Rampage+∞}
  6532 | D:8      | Reached skill level 9 in Axes
  6648 | D:8      | Reached skill level 1 in Stealth
  6700 | D:7      | Noticed a rust devil
  6701 | D:7      | Noticed a rust devil
  6707 | D:7      | Slain by an orc warrior

Illustrated notes

Levels and vault maps discovered:
D:1:      ebering_trefoil_twist, layout_basic, minmay_tree_intersection,
          kennysheep_minor_cross, minmay_box_of_dots
D:2:      layout_basic, basic_altar, kennysheep_generic_room_3
D:3:      layout_basic, nzn_wu_jian_contemplation, gup_sewer_entry_bubbles,
          uniq_terence
D:4:      layout_basic, gammafunk_temple_overflow_forgotten, uniq_ijyb
D:5:      nicolae_BIG_FREAKIN_CUBE, layout_basic, lemuel_tele_altar,
          nicolae_shop_i_like_big_books
D:6:      nicolae_cairo_tiling_large, layout_rooms, minmay_manual_macuahuitl,
          uniq_grinder
D:7:      cheibrodos_iron_armory, layout_layer_cave,
          grunt_temple_overflow_diamond, minmay_temple_entry_mist,
          minmay_shop_chei, uniq_crazy_yiuf_cottage
D:8:      minmay_gate_of_8, layout_cave_pools

Skill      XL: |  1  2  3  4  5  6  7  8  9 |
---------------+----------------------------+-----
Axes           | 2 3 4 5 6 7 9 |  9.3
Armour         | 3 4 5 6 |  6.8
Fighting       | 3 4 5 |  5.4
Shields        | 3 4 |  4.4
Spellcasting   | 2 3 4 |  4.6
Dodging        | 1 |  1.4
Stealth        | 1 |  1.1

Action                     |  1- 3 |  4- 6 |  7- 9 || total
---------------------------+-------+-------+-------++-------
  Melee: War axe           |   111 |   190 |       ||   301
         Broad axe         |       |    15 |   261 ||   276
  Evoke: Wand              |       |       |     1 ||     1
    Use: Scroll            |     6 |     4 |     7 ||    17
         Potion            |       |       |     2 ||     2
 Armour: Scale mail        |    48 |       |       ||    48
         Chain mail        |    17 |   119 |   172 ||   308
  Dodge: Dodged            |    43 |    76 |   127 ||   246
  Block: Buckler           |    27 |    52 |   104 ||   183

Table legend: (Time is in decaauts)
 A = Elapsed time spent in this place.
 B = Non-inter-level travel time spent in this place.
 C = Inter-level travel time spent in this place.
 D = Time resting spent in this place.
 E = Time spent auto-exploring this place.
 F = Levels seen in this place.
 G = Mean time per level.
                   A        B        C        D        E       F      G
               +--------+--------+--------+--------+--------+-----+--------+
         Total |   6891 |   6200 |    691 |    282 |   4424 |   9 |  765.7 |
       Dungeon |   6585 |   5894 |    691 |    245 |   4306 |   8 |  823.1 |
         Sewer |    306 |    306 |      0 |     37 |    118 |   1 |  306.0 |
               +--------+--------+--------+--------+--------+-----+--------+

Top non-repeatable levels by time:
     D:7: 1694 daAuts
     D:6: 881 daAuts
     D:1: 875 daAuts
     D:3: 767 daAuts
     D:5: 740 daAuts
     D:2: 708 daAuts
     D:4: 611 daAuts
     D:8: 306 daAuts
   Sewer: 306 daAuts
